 Dungeon Crawl Stone Soup version 0.17-a0-2118-g63bad21 (webtiles) character file.

135 Duffy the Chopper (level 5, 0/46 HPs)
             Began as a Hill Orc Fighter on Oct 20, 2015.
             Killed by nerve-wracking pain
             ... invoked by Grinder
              (5 damage)
             ... on level 3 of the Dungeon.
             The game lasted 00:03:14 (2615 turns).

Duffy the Chopper (Hill Orc Fighter)                Turns: 2615, Time: 00:03:14

Health: 0/46       AC:  8    Str: 19    XL:     5   Next: 18%
Magic:  5/5        EV:  7    Int:  9    God:
Gold:   121        SH:  9    Dex: 10    Spells: 0 memorised, 4 levels left

rFire  . . .     SeeInvis .     a - +0 war axe
rCold  . . .     Clarity  .     b - +0 scale mail
rNeg   . . .     SustAt   .     c - +0 shield
rPois  .         Gourm    .     w - +0 helmet
rElec  .         Spirit   .     (no cloak)
rCorr  .         Warding  .     (no gloves)
rMut   .         Stasis   .     (no boots)
MR     .....                    (no amulet)
Stlth  ..........               (no ring)
                                (no ring)

@: not resistant to hostile enchantments, extremely unstealthy
A: no striking features
a: no special abilities


You were on level 3 of the Dungeon.
You were hungry.

You visited 1 branch of the dungeon, and saw 3 of its levels.

You collected 121 gold pieces.


   Skills:
 + Level 4.2 Fighting
 * Level 5.8 Axes
 + Level 4.0 Armour
 - Level 3.2 Shields


You had 4 spell levels left.
You didn't know any spells.

Inventory:

Hand Weapons
 a - a +0 war axe (weapon)
 n - a +0 greatsling
 s - a +0 blowgun
Missiles
 f - 210 stones (quivered)
 k - 27 bolts
 m - 21 sling bullets
 u - 5 poisoned needles
Armour
 b - a +0 scale mail (worn)
 c - a +0 shield (worn)
 w - a +0 helmet (worn)
Wands
 q - a wand of enslavement (11)
Scrolls
 g - 2 scrolls of amnesia {unknown}
 i - a scroll of teleportation {unknown}
 j - 2 scrolls of identify {unknown}
 t - a scroll of remove curse {unknown}
 y - a scroll of immolation {unknown}
Potions
 d - a potion of might
 h - 4 potions of curing {unknown}
 p - a potion of haste {unknown}
 r - 3 potions of cancellation {unknown}
 x - a potion of cure mutation {unknown}
Comestibles
 e - 3 bread rations
 l - a meat ration
 o - a beef jerky
 v - 3 fruits

Dungeon Overview and Level Annotations

Branches:
Dungeon (3/15)

Altars:
Qazlal

Annotations:
D:3 Grinder


Message History

Grinder is heavily wounded.
You block Grinder's attack. Grinder hits you!
You writhe in agony.
You writhe in agony.
You hit Grinder.
Grinder is severely wounded.
Grinder closely misses you.
You hit Grinder.
Grinder is severely wounded.
Grinder gestures.
Grinder blinks!
You see here a throwing net.
z - a throwing net Grinder gestures.
Grinder blinks!
Grinder gestures at you.
You suddenly lose the ability to move!
Grinder gestures at you.
You shrug off the repeated paralysis!
You can move again.
Unknown command.
You don't know any spells.
Fire/throw which item? (* to show all) (? for menu, Esc to quit)
Press: ? - help, Shift-Dir - straight line, f/p - Grinder
Aim: Grinder (severely wounded)
You throw a throwing net. The throwing net hits Grinder.
Grinder is caught in the net!
Grinder is severely wounded.
Grinder struggles against the net.
Grinder struggles against the net.
You hit Grinder but do no damage.
Grinder is severely wounded.
Grinder says, "Tell me all your secrets, or I'll kill you."
Grinder gestures at you. Pain shoots through your body!
You die...

#.......##.# #............
.......###.# ######.###.....
.........#.########.## #.#
#.###. ####.###.#...........#
#.# #.# #. #.# .##########.##
#.# #.# #. #.# # #†# #.# #.# #.
##.###.# #.# #.# #.# #.
#...##.##########.####.###.###.
##...........5@............##.<
#.###.##.........#.......# #.#
#.# #.##.#######.#.#####.# #.#
#.# #.##.# #.# # #.###.#
####.###.##.# #.. #.....#
.........##.##### #.#. #.#####
####............#
#.#.#####.##### ########.###.#
#.#............ #.# #.#
#.#############


You could see Grinder (caught).

Action                   |  1- 3 |  4- 6 || total
-------------------------+-------+-------++-------
Melee: War axe           |   149 |   114 ||   263
Throw: Throwing net      |       |     3 ||     3
  Eat: Chunk             |     2 |     3 ||     5

Notes
Turn   | Place    | Note
--------------------------------------------------------------
     0 | D:1      | Duffy the Hill Orc Fighter began the quest for the Orb.
     0 | D:1      | Reached XP level 1. HP: 19/19 MP: 1/1
    28 | D:1      | Reached skill level 3 in Axes
    93 | D:1      | Reached XP level 2. HP: 27/27 MP: 2/2
   408 | D:1      | Reached skill level 4 in Axes
   588 | D:1      | Reached XP level 3. HP: 30/33 MP: 3/3
  1609 | D:2      | Reached skill level 5 in Axes
  1609 | D:2      | Reached XP level 4. HP: 27/40 MP: 4/4
  2079 | D:3      | Found a stormy altar of Qazlal.
  2121 | D:3      | Noticed Robin
  2136 | D:3      | Reached skill level 4 in Fighting
  2180 | D:3      | Killed Robin
  2180 | D:3      | Reached skill level 4 in Armour
  2180 | D:3      | Reached XP level 5. HP: 24/46 MP: 5/5
  2582 | D:3      | Noticed Grinder
  2609 | D:3      | Paralysed by Grinder for 4 turns
  2615 | D:3      | Killed from afar by Grinder

Vault maps used:
D:1:      dpeg_arrival_subterranean_lakeside_camping, minmay_cut_off
D:2:      first_bread
D:3:      minmay_misc_feat_hallway, st_stairs_10,
          nicolae_qazlal_eye_of_the_storm, uniq_grinder, uniq_robin

Vanquished Creatures
  Robin
  A gnoll
  3 adders
  An ooze
  A worm
  An orc
  6 bats
  5 hobgoblins
  9 jackals
  4 giant cockroaches
  A giant gecko
  A giant gecko skeleton
  4 giant newts
  23 goblins
  8 kobolds
  10 rats
79 creatures vanquished.
